 Dungeon Crawl Stone Soup version 0.31.0 (webtiles) character file.

Game seed: 5556691030480976319

17 monsoonserge the Trooper (level 2, -2/32 HPs)
             Began as an Oni Fighter on Jan 19, 2024.
             Succumbed to a goblin's poison
             ... on level 1 of the Dungeon.
             The game lasted 00:01:23 (411 turns).

monsoonserge the Trooper (Oni Fighter)               Turns: 411, Time: 00:01:24

Health: -2/32      AC:  3    Str: 19    XL:     2   Next: 62%
Magic:  2/2        EV:  8    Int:  9    God:
Gold:   11         SH:  7    Dex:  8    Spells: 1/1 levels left

rFire   . . .        a - +0 flail
rCold   . . .        c - +0 kite shield
rNeg    . . .        b - +0 robe
rPois   .            (helmet restricted)
rElec   .            (no cloak)
rCorr   .            (gloves unavailable)
SInv    .            (boots unavailable)
Will    .....        (no amulet)
Stlth   +            (no ring)
HPRegen 0.25/turn    (no ring)
MPRegen 0.08/turn

%: no passive effects
@: lethally poisoned (-2 -> -11)
A: large, unfitting armour, horns 1, tough skin 1, double potion healing,
drunken brawling
a: no special abilities


You were on level 1 of the Dungeon.
You visited 1 branch of the dungeon, and saw 1 of its levels.

You collected 11 gold pieces.

Inventory:

Hand Weapons
 a - a +0 flail (weapon)
Missiles
 h - 5 poisoned darts (quivered)
Armour
 b - a +0 robe (worn)
 c - a +0 kite shield (worn)
Scrolls
 e - a scroll of teleportation {unknown}
 f - a scroll of identify {unknown}
 g - a scroll of fear {unknown}
 i - a scroll of enchant weapon {unknown}
 j - a scroll of poison {unknown}
Potions
 d - a potion of might


   Skills:
 + Level 4.2 Fighting
 + Level 2.2 Maces & Flails
 + Level 3.0 Dodging
 + Level 2.9 Shields


You had one spell level left.
You didn't know any spells.
Your spell library contained the following spells:

 Spells                   Type           Power      Damage    Failure   Level
 Slow                     Hex            0%         N/A       71%         1
 Confusing Touch          Hex            0%         N/A       97%         3
 Sigil of Binding         Hex            0%         N/A       97%         3
 Vampiric Draining        Necr           0%         2d6       97%         3


Dungeon Overview and Level Annotations

Branches:
Dungeon (1/15)

Altars:


Innate Abilities, Weirdness & Mutations

You are too large for most types of armour.
You have a pair of small horns on your head.
You have tough skin. (AC +1)
You gain doubled healing and magic from potions.
Whenever you drink a healing potion, you attack all around you.


Message History

a +0 club; 4 stones
j - a scroll labelled DAVAPIEGEA
There are no items here.
Found a whip.
You see here a +2 dagger of flaming.
A goblin comes into view. It is wielding a +1 dagger of venom.
There is a dry fountain here.
The goblin shouts!
Found a faded altar of an unknown god.
Found 7 gold pieces.
The goblin attacks as it pursues you! You block the goblin's attack.
You barely miss the goblin.
The goblin hits you with a +1 dagger of venom.
You are poisoned.
You closely miss the goblin.
You feel very sick.
The goblin hits you with a +1 dagger of venom.
You are more poisoned.
The goblin hits you with a +1 dagger of venom.
You are lethally poisoned!
You hit the goblin but do no damage.
You feel extremely sick.
An endoplasm comes into view.
The goblin barely misses you.
You sock the goblin!
You kill the goblin!
* * * LOW HITPOINT WARNING * * *
You feel extremely sick.
Unknown command.
Okay, then.
You are lethally poisoned (7 -> -8).
Your movement speed is average.
Your attack delay is about 1.4 (and is slowed by your shield).
Your damage rating with your +0 flail is about 13 (Base 10 x 122% (Str) x 111% (Skill)).
* * * LOW HITPOINT WARNING * * *
You feel very sick.
* * * LOW HITPOINT WARNING * * *
You feel very sick.
You sock the endoplasm!
You kill the endoplasm!
You die...

......... .#
...........#
#..........
...#..#.# .
.....#.#
...##.....#
#.........#
#...@..#
#.###..#
##...#.#
#⌠.8.)##
##..8.# .
#_#...###
#.$.#∩#⌠#..#
..#.8..###...#
).#..8. #..#.#


There were no monsters in sight!

Vanquished Creatures
  An endoplasm (D:1)
  A giant cockroach (D:1)
  A hobgoblin (D:1)
  4 jackals (D:1)
  A quokka (D:1)
  A ball python (D:1)
  2 bats (D:1)
  A frilled lizard (D:1)
  A goblin (D:1)
  4 kobolds (D:1)
17 creatures vanquished.

Notes
Turn   | Place    | Note
-------+----------+-------------------------------------------
     0 | D:1      | monsoonserge the Oni Fighter began the quest for the Orb.
     0 | D:1      | Reached XP level 1. HP: 24/24 MP: 1/1
   256 | D:1      | Reached XP level 2. HP: 26/32 MP: 2/2
   402 | D:1      | Found a faded altar of an unknown god.
   410 | D:1      | HP: 1/32 [poisoned by a goblin]
   411 | D:1      | Succumbed to a goblin's poison

Illustrated notes

Levels and vault maps discovered:
D:1:      minmay_arrival_four_circles, layout_basic,
          shapermc_ecumenical_altar_venn

Skill      XL: |  1  2 |
---------------+-------+-----
Dodging        | 3 |  3.0
Fighting       | |  4.2
Maces & Flails | |  2.2
Shields        | |  2.9

Action                     || total
---------------------------++-------
  Melee: Flail             ||    41
         Headbutt          ||     2
 Armour: Robe              ||    40
  Dodge: Dodged            ||    27
  Block: Kite shield       ||    25
